 Dungeon Crawl Stone Soup version 0.21.1-1-g345015f (webtiles) character file.

14 Iko the Ducker (level 2, -1/25 HPs)
             Began as a Merfolk Warper on May 5, 2018.
             Slain by an adder (3 damage)
             ... on level 3 of the Dungeon.
             The game lasted 00:02:03 (144 turns).

Iko the Ducker (Merfolk Warper)                      Turns: 144, Time: 00:02:04

Health: -1/25      AC:  4    Str: 11    XL:     2   Next: 41%
Magic:  5/5        EV: 12    Int: 12    God:
Gold:   0          SH:  0    Dex: 13    Spells: 5/5 levels left

rFire    . . .     SeeInvis .   a - +0 hand axe
rCold    . . .     Gourm    .   (no shield)
rNeg     . . .     Faith    .   b - +1 leather armour
rPois    .         Spirit   .   (no helmet)
rElec    .         Reflect  .   (no cloak)
rCorr    .         Harm     .   (no gloves)
MR       .....                  (no boots)
Stlth    +.........             (no amulet)
HPRegen  0.08/turn              (no ring)
MPRegen  0.09/turn              (no ring)

@: hasted, very quick
A: change form in water, swift swim, stealthy swim, blink, robust 1
a: Blink


You were on level 3 of the Dungeon.
You were not hungry.

You visited 1 branch of the dungeon, and saw 3 of its levels.

Inventory:

Hand Weapons
 a - a +0 hand axe (weapon)
Armour
 b - a +1 leather armour (worn)
Scrolls
 d - 2 scrolls of blinking
Books
 c - a book of Spatial Translocations

   Spells                             Type                      Level
   a - Blink                          Translocation                2
   b - Shroud of Golubria             Charms/Translocation         2
   c - Lesser Beckoning               Translocation                3
   d - Gell's Gravitas                Translocation                3
   e - Teleport Other                 Translocation                3
   f - Passage of Golubria            Translocation                4
Comestibles
 f - a ration


   Skills:
 + Level 2.4 Fighting
 + Level 1.7 Axes
 + Level 1.0 Throwing
 + Level 0.6 Armour
 + Level 3.0 Dodging
 + Level 2.3 Spellcasting
   Level 2.4 Translocations


You had 5 spell levels left.
You didn't know any spells.

Dungeon Overview and Level Annotations

Branches:
Dungeon (3/15)

Altars:


Innate Abilities, Weirdness & Mutations

You revert to your normal form in water.
You are very nimble and swift while swimming.
You are very stealthy in the water. (Stealth+)
You can translocate small distances at will.
You are robust. (+10% HP)


Message History

Throwing (i - inventory):
e - a tomahawk of dispersal (quivered)
Press: ? - help, Shift-Dir - straight line, f/p - adder
Aim: an adder You throw a tomahawk of dispersal.
The tomahawk of dispersal barely misses the adder.
Firing (i - inventory): No suitable missiles.
Press: ? - help, Shift-Dir - straight line, f/p - adder
Aim: an adder
Okay, then.
You miss the adder. The adder barely misses you. The adder misses you.
You hit the adder.
The adder is moderately wounded.
The adder bites you but does no damage.
You closely miss the adder.
The adder is moderately wounded.
The adder barely misses you.
You hit the adder but do no damage.
The adder is moderately wounded.
The adder bites you.
You die...

....#.#.#.#..#
..............#..#
.................# #..
#.............#.# ....
#...........$...
.....#........#....#
...................# #
. ...#........S@...#.##
... ...................
.....#.##.#..)....##.##
.......†.............##
.....#.#.......<.......
....................##.
. ..................#
...........####.....#
...........# #.......


You could see an adder.

Vanquished Creatures
  A gnoll (D:2)
  A kobold (D:2)
  A bat (D:3)
  A frilled lizard (D:3)
  A goblin (D:1)
  A rat (D:1)
6 creatures vanquished.

Notes
Turn   | Place    | Note
-------+----------+-------------------------------------------
     0 | D:1      | Iko the Merfolk Warper began the quest for the Orb.
     0 | D:1      | Reached XP level 1. HP: 16/16 MP: 3/3
    54 | D:1      | Gained mutation: You are robust. (+10% HP) [potion of mutation]
    54 | D:1      | Gained mutation: You can translocate small distances at will. [potion of mutation]
    88 | D:2      | Reached skill level 3 in Dodging
    88 | D:2      | Reached XP level 2. HP: 6/25 MP: 5/5
   104 | D:2      | HP: 1/25 [bat (1)]
   121 | D:3      | HP: 1/25 [bat (1)]
   144 | D:3      | Slain by an adder

Skill      XL: |  1 |
---------------+----+-----
Dodging        | 3 |  3.0
Fighting       | |  2.4
Axes           | |  1.7
Throwing       | |  1.0
Armour         | |  0.6
Spellcasting   | |  2.3
Translocations | |  2.4

Action                   || total
-------------------------++-------
Melee: Hand axe          ||    19
Throw: Tomahawk          ||     5
 Abil: Blink             ||     2
  Use: Potion            ||     2
       Scroll            ||     2
Armor: Leather armour    ||    10
Dodge: Dodged            ||    30
